 Dungeon Crawl Stone Soup version 0.16.1-7-g2c6721e (console) character file.

356 Monkaria the Slasher (level 6, -2/56 HPs)
             Began as a Minotaur Skald on Mar 29, 2015.
             Slain by a gnoll
             ... wielding a +0 spear
              (4 damage)
             ... on level 4 of the Dungeon.
             The game lasted 00:08:00 (4209 turns).

Monkaria the Slasher (Minotaur Skald)               Turns: 4209, Time: 00:08:00

Health: -2/56      AC:  3    Str: 18    XL:     6   Next: 36%
Magic:  5/5        EV: 11    Int:  9    God:
Gold:   175        SH:  0    Dex: 10    Spells: 1 memorised, 6 levels left

rFire  . . .     SeeInvis .     a - +0 falchion
rCold  . . .     Clarity  .     b - +0 leather armour
rNeg   . . .     SustAb   .     (no shield)
rPois  .         Gourm    .     (helmet restricted)
rElec  .         Spirit   .     (no cloak)
rCorr  .         Warding  .     (no gloves)
rMut   .         Stasis   .     (no boots)
MR     .....                    l - amulet of inaccuracy (curse)
Stlth  ++........               (no ring)
                                m - ring of stealth

@: not resistant to hostile enchantments, unstealthy
A: retaliatory headbutt, horns 2
a: no special abilities


You were on level 4 of the Dungeon.
You were hungry.

You visited 1 branch of the dungeon, and saw 5 of its levels.

You collected 175 gold pieces.

Inventory:

Hand weapons
 a - a +0 falchion (weapon)
 t - the +8 dagger of Intuition {venom, Str+4, unknown}
   (You found it on level 4 of the Dungeon)

   It poisons the flesh of those it strikes.
   It affects your strength (+4).
Armour
 b - a +0 leather armour (worn)
Jewellery
 i - an uncursed amulet of warding
 j - an uncursed amulet of regeneration
 l - a cursed amulet of inaccuracy (around neck)
 m - a ring of stealth (left hand)
 n - an uncursed amulet of resist mutation
 o - an uncursed amulet of resist mutation
 p - an uncursed amulet of resist corrosion {unknown}
 r - an uncursed ring of magical power {unknown}
Scrolls
 e - 2 scrolls of magic mapping
 h - 2 scrolls of amnesia
 q - a scroll of identify
 s - 2 scrolls of fog
Books
 c - a book of Battle

   Spells                             Type                      Level
   a - Infusion                       Charms                       1
   b - Shroud of Golubria             Charms/Translocation         2
   c - Song of Slaying                Charms                       2
   d - Spectral Weapon                Hexes/Charms                 3
   e - Regeneration                   Charms/Necromancy            3
 g - a book of the Sky

   Spells                             Type                      Level
   a - Flight                         Charms/Air                   3
   b - Airstrike                      Air                          4
   c - Silence                        Hexes/Air                    5
   d - Deflect Missiles               Charms/Air                   6
   e - Conjure Ball Lightning         Conjuration/Air              6
   f - Tornado                        Air                          9
Comestibles
 d - 4 bread rations
 f - 8 fruits
 k - 2 meat rations


   Skills:
 + Level 5.0 Fighting
 * Level 6.9 Long Blades
 - Level 1.2 Armour
 - Level 1.1 Dodging
 - Level 1.3 Spellcasting
 - Level 2.0 Charms


You had 6 spell levels left.
You knew the following spells:

 Your Spells              Type           Power        Failure   Level  Hunger
a - Infusion              Chrm           #.....       21%         1    ##.....


Dungeon Overview and Level Annotations

Branches:
Dungeon (5/15)
 Temple: D:4-7

Altars:
Elyvilon
Makhleb
Okawaru
Ru
Xom

Shops:
D:4 %

Annotations:
D:3 Grinder
D:4 Monkaria's ghost, average MiSk


Innate Abilities, Weirdness & Mutations

You reflexively headbutt those who attack you in melee.
You have a pair of horns on your head.


Message History

The gnoll hits you but does no damage.
You completely miss the gnoll. Your headbutt misses the gnoll.
The gnoll is heavily wounded.
The gnoll hits you with a spear.
You hit the gnoll.
You headbutt the gnoll, but do no damage.
The gnoll is almost dead.
The gnoll hits you with a spear!
* * * LOW HITPOINT WARNING * * *
You hit the gnoll but do no damage. Your headbutt misses the gnoll.
The gnoll is almost dead.
The gnoll hits you with a spear!
* * * LOW HITPOINT WARNING * * *
You barely miss the gnoll.
The gnoll is almost dead.
The gnoll barely misses you.
You barely miss the gnoll.
The gnoll is almost dead.
The gnoll hits you with a spear.
You die...

####### ......#
#####.# ## #.# .#
#.############
∩####..........g.#
....############@#
.##.# #)# .##.#
#.# .##.# #.#
.##.# #.# ..#.#
#.# ..#.# #.#
..#.# #.#########
..#.# #........(#


You could see a gnoll.

Vanquished Creatures
  Sigmund (D:2)
  The ghost of Hanyuu the Insei, a weakling OpTm (D:3)
  An orc priest (D:3)
  Natasha (D:4)
  Ijyb (D:3)
  A gnoll (D:4)
  9 adders
  A giant mite (D:2)
  An ooze (D:2)
  3 giant geckos
  4 orcs
  9 bats
  A bat skeleton (D:4)
  4 giant cockroaches
  8 hobgoblins
  4 jackals (D:3)
  8 kobolds
  2 quokkas (D:3)
  2 giant newts (D:3)
  10 goblins
  9 rats
  2 plants (D:1)
83 creatures vanquished.

Notes
Turn   | Place    | Note
--------------------------------------------------------------
     0 | D:1      | Monkaria, the Minotaur Skald, began the quest for the Orb.
     0 | D:1      | Reached XP level 1. HP: 18/18 MP: 2/2
   161 | D:1      | Reached skill level 3 in Long Blades
   183 | D:1      | Reached XP level 2. HP: 20/25 MP: 2/2
   460 | D:2      | Reached XP level 3. HP: 30/30 MP: 3/3
   494 | D:2      | Found a shimmering altar of Xom.
   545 | D:2      | Reached skill level 4 in Long Blades
   612 | D:2      | Found a burning altar of Makhleb.
   858 | D:2      | Reached XP level 4. HP: 36/38 MP: 4/4
  1012 | D:2      | Found an iron altar of Okawaru.
  1012 | D:2      | Found a white marble altar of Elyvilon.
  1146 | D:2      | Noticed Sigmund
  1209 | D:3      | Noticed Hanyuu's ghost (weakling OpTm)
  1222 | D:3      | Killed Hanyuu's ghost
  1222 | D:3      | Reached skill level 5 in Long Blades
  1339 | D:3      | Reached XP level 5. HP: 26/46 MP: 4/4
  1526 | D:3      | Found a sacrificial altar of Ru.
  1567 | D:3      | Noticed Ijyb
  1818 | D:3      | Killed Ijyb
  2128 | D:3      | Reached skill level 6 in Long Blades
  2396 | D:3      | Noticed Grinder
  2455 | D:3      | Paralysed by Grinder for 6 turns
  2468 | D:3      | Paralysed by Grinder for 5 turns
  2734 | D:2      | HP: 2/47 [something (12)]
  2735 | D:2      | Killed Sigmund
  2735 | D:2      | Reached XP level 6. HP: 2/55 MP: 5/5
  3723 | D:4      | Noticed Natasha
  3723 | D:4      | Noticed Monkaria's ghost (average MiSk)
  3728 | D:4      | Got a blackened dagger
  3730 | D:4      | Killed Natasha
  4041 | D:4      | Found Psung's Food Shop.
  4150 | D:5      | Entered Level 5 of the Dungeon
  4200 | D:4      | Reached skill level 5 in Fighting
  4207 | D:4      | HP: 2/56 [gnoll/spear (9)]
  4209 | D:4      | Slain by a gnoll

Action                   |  1- 3 |  4- 6 || total
-------------------------+-------+-------++-------
Melee: Falchion          |   133 |   234 ||   367
 Cast: Infusion          |       |     2 ||     2
  Use: Scroll            |       |    14 ||    14
       Potion            |       |     5 ||     5
  Eat: Chunk             |       |    10 ||    10
